 Dungeon Crawl Stone Soup version 0.25-a0-860-gf695395b5c (console) character file.

Game seed: 6862912655922504613, levelgen mode: classic

77 Duffy the Magician (level 4, -3/30 HPs)
             Began as a Demonspawn Fire Elementalist on Apr 27, 2020.
             Slain by Ijyb
             ... wielding a +0 dagger
              (5 damage)
             ... on level 3 of the Dungeon.
             The game lasted 00:03:17 (2745 turns).

Duffy the Magician (Demonspawn Fire Elementalist)   Turns: 2745, Time: 00:03:17

Health: -3/30      AC: -2    Str:  8    XL:     4   Next: 14%
Magic:  0/9        EV: 12    Int: 17    God:
Gold:   56         SH:  0    Dex: 14    Spells: 5/9 levels left

rFire    . . .     SeeInvis .   b - +1 short sword
rCold    . . .     Gourm    .   (no shield)
rNeg     . . .     Faith    .   a - +0 robe
rPois    .         Spirit   .   (no helmet)
rElec    .         Reflect  .   (no cloak)
rCorr    .         Harm     .   (no gloves)
MR       .....                  (no boots)
Stlth    ++........             (no amulet)
HPRegen  0.10/turn              q - ring of wizardry
MPRegen  0.11/turn              m - +3 ring of slaying

@: corroded
A: talons 1
a: no special abilities


You were on level 3 of the Dungeon.
You were not hungry.

You visited 1 branch of the dungeon, and saw 3 of its levels.

You collected 56 gold pieces.

Inventory:

Hand Weapons
 b - a +1 short sword (weapon)
Armour
 a - a +0 robe (worn)
Jewellery
 h - an uncursed ring of see invisible
 m - a +3 ring of slaying (right hand)
 q - a ring of wizardry (left hand)
Scrolls
 d - a scroll of teleportation {unknown}
 e - 2 scrolls of remove curse {unknown}
 f - 3 scrolls of blinking {unknown}
 j - a scroll of magic mapping {unknown}
 k - 3 scrolls of enchant weapon
 l - a scroll of identify {unknown}
 o - a scroll of fog {unknown}
Potions
 g - a potion of magic {unknown}
 i - a potion of flight {unknown}
 n - a potion of invisibility {unknown}
 r - 2 potions of resistance {unknown}
Comestibles
 c - 7 rations
 p - a chunk of flesh


   Skills:
 - Level 1.7 Dodging
 - Level 1.7 Stealth
 + Level 3.4 Spellcasting
 - Level 2.6 Conjurations
 - Level 2.6 Fire Magic


You had 5 spell levels left.
You knew the following spells:

 Your Spells              Type           Power        Failure   Level  Hunger
h - Foxfire               Conj/Fire      ##..         2%          1    None
l - Conjure Flame         Conj/Fire      ##......     7%          3    ###....

Your spell library contained the following spells:

 Spells                   Type           Power        Failure   Level  Hunger
 Inner Flame              Hex/Fire       #.......     12%         3    ###....
 Sticky Flame             Conj/Fire      ##......     22%         4    ####...
 Fireball                 Conj/Fire      ##........   50%         5    ######.


Dungeon Overview and Level Annotations

Branches:
Dungeon (3/15)

Altars:
Xom
Yredelemnul

Annotations:
D:3 Ijyb


Innate Abilities, Weirdness & Mutations

You have sharp toenails.


Message History

Ijyb is lightly wounded.
Ijyb barely misses you.
Cast which spell? (? or * to list)
You conjure some foxfire!
Ijyb barely misses you.
Unknown command.
Cast which spell? (? or * to list)
You conjure some foxfire!
The foxfire hits Ijyb.
Ijyb is lightly wounded.
The foxfire hits Ijyb.
Ijyb is lightly wounded.
Ijyb zaps a wand.
The bolt of acid hits you!!
Ouch! That really hurt!
The acid corrodes you!
You are splashed with acid!
Unknown command.
Cast which spell? (? or * to list)
You conjure some foxfire!
The foxfire hits Ijyb but does no damage.
Ijyb is lightly wounded.
Ijyb hits you with a +0 dagger.
You die...

#..##..# .#
##.###.##
.# #. #..$#
#$ #.### #.
#.# .## #%
#.#
....##.##.#
........#v#
.....).g@v#
........)v#
..........#
..........#
......$...#
..........#
#........##
..........


You could see Ijyb.

Vanquished Creatures
  An adder (D:3)
  2 oozes
  A dart slug (D:1)
  A leopard gecko (D:3)
  3 orcs (D:3)
  2 ball pythons
  3 bats
  6 giant cockroaches
  7 goblins
  4 hobgoblins
  6 kobolds
  2 quokkas (D:2)
  4 frilled lizards (D:2)
  2 gnoll zombies (D:2)
  5 rats
49 creatures vanquished.

Vanquished Creatures (others)
  138 foxfires
138 creatures vanquished.

Grand Total: 187 creatures vanquished

Notes
Turn   | Place    | Note
-------+----------+-------------------------------------------
     0 | D:1      | Duffy the Demonspawn Fire Elementalist began the quest for
                  | the Orb.
     0 | D:1      | Reached XP level 1. HP: 13/13 MP: 3/3
   384 | D:1      | Gained mutation: You have sharp toenails. [demonic
                  | ancestry]
   384 | D:1      | Reached XP level 2. HP: 19/19 MP: 1/5
  1529 | D:2      | Reached XP level 3. HP: 24/24 MP: 3/6
  1699 | D:2      | Found a shimmering altar of Xom.
  1903 | D:2      | Found a basalt altar of Yredelemnul.
  2318 | D:2      | Reached skill level 3 in Spellcasting
  2423 | D:3      | Learned a level 3 spell: Conjure Flame
  2507 | D:3      | Noticed Ijyb
  2692 | D:3      | Reached XP level 4. HP: 30/30 MP: 2/9
  2745 | D:3      | Slain by Ijyb

Levels and vault maps discovered:
D:1:      scummos_arrival_forest, layout_basic
D:2:      layout_basic, lemuel_zombie_altar_yredelemnul, xom_teletrap_fun,
          first_ration, minmay_pentomino_t2
D:3:      layout_rooms, uniq_ijyb

Skill      XL: |  1  2  3 |
---------------+----------+-----
Conjurations   | 2 |  2.6
Spellcasting   | 3 |  3.4
Dodging        | |  1.7
Stealth        | |  1.7
Fire Magic     | |  2.6

Action                   |  1- 3 |  4- 6 || total
-------------------------+-------+-------++-------
Melee: Short sword       |    45 |     2 ||    47
       Kick              |     5 |     1 ||     6
 Cast: Foxfire           |    89 |     8 ||    97
  Use: Scroll            |     1 |       ||     1
 Stab: Sleeping          |     4 |       ||     4
  Eat: Chunk             |     6 |       ||     6
Armor: Robe              |     8 |     1 ||     9
Dodge: Dodged            |    31 |     2 ||    33

Table legend:
 A = Non-vault XP
 B = Vault XP
 C = Vault XP percentage of total XP
 D = Non-vault monster count
 E = Vault monster count
 F = Vault count percentage of total count
                 A         B        C        D         E       F
            +---------+---------+-------+---------+---------+-------
      Total |     107 |       4 |   3.6 |      46 |       3 |   6.1
            +---------+---------+-------+---------+---------+-------
        D:1 |      34 |       0 |   0.0 |      16 |       0 |   0.0
        D:2 |      37 |       4 |   9.8 |      19 |       3 |  13.6
        D:3 |      36 |       0 |   0.0 |      11 |       0 |   0.0
            +---------+---------+-------+---------+---------+-------
